Map: [ESL] Solaris

Players

GuMiho - Winner!

  • Race: Terran Terran
  • Spawn Location: 1:00

DKZherO (herO)

  • Race: Protoss Protoss
  • League: Grandmaster
  • Spawn Location: 7:00

VOD

Have the link to the VOD?

Description

Time

  • Played on: Dec. 29, 2023, 7:38 a.m.
  • Length: 13:05
Show
View Real Time Build Order
Export as new Build Order

GuMiho Terran - Winner!

Build Orders: Cyclone Opening, Gas First Reaper Expand 

Get SALT Encoding   

  12  0:00  SCV  
  13  0:12  SCV  
  14  0:17  Supply Depot  
  14  0:24  SCV  
  14  0:27  Refinery  
  15  0:39  SCV  
  16  0:45  Barracks  
  16  0:51  SCV  
  17  1:03  SCV  
  18  1:15  SCV  
  19  1:31  Orbital Command  
  19  1:32  Reaper  
  20  1:41  Command Center  
  20  1:50  Factory  
  20  1:57  SCV  
  21  2:02  Supply Depot  
  21  2:05  Barracks Reactor  
  21  2:09  SCV  
  21  2:12  Refinery  
  22  2:21  SCV  
  23  2:33  SCV  
  23  2:36  Cyclone  
  26  2:38  Barracks  
  26  2:43  Marine x2  
  28  2:45  SCV  
  29  2:53  Orbital Command  
  29  2:57  SCV  
  30  3:00  Marine x2  
  32  3:09  SCV  
  33  3:13  Supply Depot  
  33  3:18  Marine x2  
  35  3:20  SCV  
  35  3:21  Factory Tech Lab  
  35  3:23  SCV  
  35  3:25  Barracks Tech Lab  
  37  3:35  SCV x2  
  37  3:36  Marine x2  
  37  3:40  Siege Tank  
  44  3:46  Stimpack  
  44  3:47  SCV x2  
  46  3:52  Marine  
  46  3:54  Marine x2  
  49  3:58  Supply Depot  
  49  3:59  SCV x2  
  50  4:07  Starport  
  50  4:11  SCV x2  
  50  4:14  Marine x2  
  54  4:20  Supply Depot  
  54  4:21  Supply Depot  
  55  4:24  Factory Reactor  
  55  4:25  SCV x2  
  55  4:29  Engineering Bay  
  56  4:39  Command Center  
  56  4:42  SCV x2  
  58  4:48  Barracks  
  58  4:54  SCV x2  
  58  4:55  Terran Infantry Weapons Level 1  
  60  5:00  Supply Depot  
  60  5:08  SCV x2  
  60  5:09  Medivac x2  
  60  5:12  Factory Reactor  
  60  5:13  Supply Depot  
  66  5:15  Marine x2, Marauder  
  66  5:20  SCV x2  
  72  5:27  Combat Shield  
  72  5:28  Barracks x2  
  72  5:31  Missile Turret  
  72  5:32  SCV  
  72  5:33  SCV  
  74  5:36  Refinery  
  74  5:38  Refinery  
  74  5:39  Concussive Shells  
  74  5:42  Marauder  
  76  5:43  Marauder  
  76  5:45  Marine x2  
  76  5:47  SCV  
  76  5:49  SCV  
  82  5:52  Supply Depot  
  82  5:55  Orbital Command  
  82  6:00  SCV  
  82  6:01  SCV  
  84  6:04  Missile Turret, Marauder  
  84  6:05  Marine x2  
  84  6:08  Marauder  
  90  6:13  SCV x2  
  90  6:15  Ghost Academy  
  90  6:16  Barracks Tech Lab, Barracks Reactor  
  92  6:20  Supply Depot  
  92  6:23  Supply Depot  
  92  6:26  Marauder  
  92  6:27  Marine x2  
  92  6:28  Orbital Command  
  92  6:29  SCV x2  
  98  6:33  Marauder  
  98  6:37  Marauder  
  102  6:41  SCV  
  102  6:44  SCV  
  102  6:45  Marine x2  
  106  6:54  SCV x2  
  110  6:56  Supply Depot, SCV  
  110  6:59  Ghost x2  
  113  7:02  Ghost  
  113  7:07  SCV x2  
  117  7:08  SCV, Terran Infantry Armor Level 1  
  117  7:14  Supply Depot  
  117  7:15  Supply Depot  
  118  7:16  Supply Depot  
  118  7:18  Marine x3  
  118  7:19  Marine  
  118  7:21  Medivac  
  124  7:23  Medivac  
  124  7:25  SCV  
  124  7:27  SCV x2  
  129  7:32  Ghost  
  129  7:37  SCV  
  129  7:39  SCV x2  
  129  7:41  Refinery x2  
  132  7:46  Sensor Tower  
  132  7:49  SCV  
  133  7:52  Medivac  
  133  7:57  SCV x2  
  137  7:59  Marine, Marauder x2, Command Center  
  137  8:00  Supply Depot, Marine  
  137  8:01  SCV, Marine x2  
  137  8:02  Marauder  
  137  8:03  Supply Depot  
  148  8:17  Marine  
  148  8:18  Marine, Widow Mine x2  
  148  8:19  Marine x2  
  156  8:20  Marauder x2  
  156  8:23  Marine  
  156  8:24  SCV x3  
  156  8:25  Engineering Bay  
  164  8:30  Armory  
  163  8:35  Marine  
  163  8:36  Marine x2  
  163  8:37  Marine  
  165  8:41  Marauder  
  165  8:42  Marauder x2  
  155  8:53  Marine  
  155  8:54  Marine x2  
  155  8:55  Marine  
  149  9:02  Marauder  
  143  9:03  Marauder x2  
  143  9:09  Viking  
  141  9:10  Marine  
  141  9:12  Marine x3  
  137  9:24  Marauder x2  
  111  9:25  Marauder  
  111  9:28  Marine  
  111  9:29  Marine  
  111  9:30  Marine  
  99  9:32  Marine  
  87  9:40  SCV x2  
  87  9:42  SCV  
  87  9:45  Marauder  
  92  9:46  Marine, Marauder x2  
  92  9:47  Marine  
  92  9:48  Marine  
  92  9:49  Medivac x2  
  92  9:52  SCV x2  
  105  9:54  SCV  
  106  10:06  Ghost, Marauder  
  106  10:07  Marauder  
  106  10:11  Marine x3  
  106  10:12  Marine  
  114  10:19  Medivac  
  111  10:27  Ghost  
  111  10:30  Marine x4, Marauder  
  111  10:32  SCV x3  
  118  10:36  Marauder  
  118  10:39  Widow Mine x2  
  124  10:44  SCV x3  
  124  10:48  Marine x3  
  130  10:51  Marauder  
  130  10:55  Planetary Fortress  
  130  10:56  SCV x3, Marauder  
  137  10:57  Marauder  
  137  10:59  Marine  
  139  11:07  Marine x3  
  139  11:08  SCV x2  
  133  11:12  Marine  
  133  11:17  Marine x2  
  133  11:19  Marauder  
  133  11:25  Marine x3  
  130  11:31  Marauder  
  127  11:34  Marine  
  127  11:36  Marauder  
  116  11:40  Marauder  
  116  11:42  SCV x3  
  116  11:43  Marine x3  
  114  11:47  SCV  
  114  11:52  Marine, Marauder  
  114  11:54  Widow Mine  
  114  11:57  Marauder, Widow Mine  
  114  11:58  SCV  
  114  11:59  SCV x2  
  114  12:00  Marine  
  114  12:01  Marine x2, Marauder  
  120  12:05  Viking  
  120  12:06  Viking  
  126  12:10  Marine  
  126  12:11  SCV x2  
  126  12:13  SCV x2, Marauder  
  133  12:18  Marine x2, Marauder  
  121  12:38  Marine, Marauder x2  
Show
View Real Time Build Order
Export as new Build Order

DKZherO Protoss 

Build Orders: 1 Gate Expand, Phoenix Opening, Colossus Rush 

Get SALT Encoding   

  12  0:00  Probe  
  13  0:12  Probe  
  14  0:17  Pylon  
  14  0:24  Probe  
  15  0:36  Gateway, Probe (Chrono Boost)  
  16  0:43  Assimilator  
  16  0:48  Probe (Chrono Boost)  
  17  0:53  Probe (Chrono Boost)  
  18  1:03  Probe  
  19  1:15  Probe  
  20  1:23  Cybernetics Core  
  20  1:32  Nexus  
  20  1:39  Pylon  
  20  1:41  Probe  
  21  1:48  Assimilator  
  21  1:53  Probe  
  22  1:56  Adept (Chrono Boost)  
  24  2:06  Probe  
  25  2:12  Stargate  
  25  2:18  Probe  
  25  2:19  Adept  
  28  2:27  Warp Gate  
  28  2:30  Probe  
  28  2:33  Shield Battery  
  29  2:42  Probe  
  30  2:47  Probe  
  30  2:49  Adept  
  33  2:56  Phoenix  
  35  2:59  Probe x2 (Chrono Boost)  
  37  3:08  Probe (Chrono Boost)  
  37  3:09  Probe (Chrono Boost)  
  39  3:13  Probe (Chrono Boost)  
  39  3:14  Probe (Chrono Boost)  
  39  3:19  Pylon  
  41  3:21  Phoenix  
  43  3:27  Probe x2  
  43  3:33  Robotics Facility  
  45  3:38  Gateway  
  45  3:43  Probe  
  45  3:44  Probe  
  45  3:47  Assimilator  
  47  3:49  Assimilator  
  49  3:58  Probe  
  49  3:59  Probe  
  49  4:05  Pylon  
  49  4:10  Probe  
  49  4:11  Probe  
  49  4:16  Stalker  
  53  4:21  Immortal (Chrono Boost)  
  57  4:24  Probe x2  
  57  4:27  Robotics Bay, Pylon  
  59  4:32  Sentry  
  59  4:36  Probe  
  59  4:38  Pylon  
  62  4:45  Probe  
  63  4:52  Nexus  
  63  4:54  Sentry  
  63  4:56  Observer  
  63  4:58  Shield Battery  
  66  5:00  Probe  
  67  5:08  Pylon  
  67  5:12  Probe, Colossus (Chrono Boost)  
  68  5:18  Pylon  
  74  5:22  Extended Thermal Lance  
  74  5:28  Shield Battery, Sentry, Zealot  
  74  5:31  Pylon  
  74  5:34  Probe x2  
  80  5:42  Phoenix  
  82  5:46  Probe x2 (Chrono Boost)  
  84  5:53  Colossus (Chrono Boost)  
  90  5:58  Probe x2 (Chrono Boost)  
  92  6:07  Probe (Chrono Boost)  
  92  6:08  Forge, Probe x2 (Chrono Boost)  
  95  6:12  Twilight Council  
  95  6:14  Probe (Chrono Boost)  
  95  6:16  Probe x2 (Chrono Boost)  
  98  6:22  Pylon  
  98  6:26  Probe x3  
  98  6:28  Observer  
  98  6:30  Pylon  
  101  6:35  Colossus (Chrono Boost)  
  101  6:38  Charge (Chrono Boost)  
  101  6:39  Protoss Ground Weapons Level 1 (Chrono Boost)  
  107  6:40  Pylon  
  107  6:44  Gateway, Probe  
  107  6:45  Gateway  
  108  6:52  Gateway  
  108  6:53  Gateway  
  107  6:55  Phoenix  
  109  7:06  Nexus  
  109  7:07  Phoenix  
  109  7:08  Pylon  
  109  7:11  Gateway  
  109  7:18  Gateway  
  109  7:19  Gateway  
  109  7:20  Phoenix  
  109  7:21  Stalker  
  113  7:31  Shield Battery  
  113  7:32  Templar Archives  
  113  7:36  Zealot, Gateway, Warp Prism (Chrono Boost)  
  117  7:45  Zealot  
  117  7:46  Zealot x2  
  117  7:47  Pylon  
  117  7:49  Phoenix  
  125  7:53  Pylon  
  123  8:04  Pylon  
  121  8:08  Zealot, High Templar x2  
  121  8:09  Zealot x4  
  135  8:12  Archon  
  135  8:13  Zealot  
  135  8:15  Immortal (Chrono Boost)  
  141  8:21  Phoenix  
  137  8:36  Zealot x6  
  149  8:46  Phoenix (Chrono Boost)  
  133  8:48  Zealot  
  133  8:49  Zealot x3  
  133  8:52  Blink (Chrono Boost), Protoss Ground Weapons Level 2 (Chrono Boost)  
  129  9:05  Zealot x3  
  129  9:06  Zealot x3, Phoenix  
  101  9:26  Zealot x8  
  101  9:29  Colossus (Chrono Boost)  
  87  9:40  Probe x4  
  85  9:46  Zealot x3, Sentry  
  93  9:53  Zealot x2, Sentry  
  89  10:12  Stalker x3, Zealot x2  
  80  10:22  Zealot x5  
  80  10:23  Colossus (Chrono Boost)  
  88  10:37  Nexus  
  88  10:39  Shield Battery  
  88  10:41  Sentry  
  88  10:42  Sentry x2  
  94  10:47  Zealot x3  
  100  11:01  Zealot x4  
  86  11:11  Stalker  
  86  11:12  Stalker x4  
  90  11:23  Stalker x4, Warp Prism (Chrono Boost)  
  90  11:24  Zealot  
  88  11:37  Zealot x3  
  73  11:51  Stalker x3  
  76  11:57  Observer (Chrono Boost)  
  77  12:15  Zealot x3, Sentry x3  
  89  12:34  Stalker x3  
Tags
 
Add a new tag
Caveats
  • Supply blocks, unpowered buildings, or Contaminate may cause inaccurate times.
  • Supply counts are checked every 10 seconds.